 Dungeon Crawl Stone Soup version 0.31-a0-188-g5e087ee2ca (webtiles) character file.

Game seed: 9551016095457863493

328 qw the Skirmisher (level 6, 0/35 HPs)
             Began as a Deep Elf Hunter on June 23, 2023.
             Slain by an ogre
             ... wielding a +0 giant spiked club
              (13 damage)
             ... on level 4 of the Dungeon.
             The game lasted 00:01:05 (2525 turns).

qw the Skirmisher (Deep Elf Hunter)                 Turns: 2525, Time: 00:01:06

Health: 0/35       AC: 10    Str: 10    XL:     6   Next: 25%
Magic:  8/8        EV: 11    Int: 14    God:
Gold:   76         SH:  0    Dex: 18    Spells: 5/5 levels left

rFire   . . .        Y - +0 shortbow
rCold   . . .        (shield currently unavailable)
rNeg    . . .        d - +2 ring mail
rPois   .            (no helmet)
rElec   .            e - +2 cloak
rCorr   .            (no gloves)
SInv    .            (no boots)
Will    .....        (no amulet)
Stlth   +            (no ring)
HPRegen 0.25/turn    (no ring)
MPRegen 0.11/turn

%: no passive effects
@: no status effects
A: no striking features
a: no special abilities


You were on level 4 of the Dungeon.
You visited 1 branch of the dungeon, and saw 4 of its levels.

You collected 255 gold pieces.
You spent 179 gold pieces at shops.


   Skills:
 - Level 2.2 Fighting
 + Level 9.6 Ranged Weapons
 - Level 2.4 Dodging
 - Level 1.2 Stealth


You had 5 spell levels left.
You didn't know any spells.
Your spell library was empty.

Inventory:

Hand Weapons
 Y - a +0 shortbow (weapon)
Armour
 b - a +4 ring mail of fire resistance
 d - a +2 ring mail (worn)
 e - a +2 cloak (worn)
Jewellery
 c - a +6 ring of dexterity
 k - a ring of ice
Scrolls
 f - 2 scrolls of identify
Potions
 a - a potion of cancellation
 g - a potion of mutation {unknown}
 h - a potion of curing {unknown}
 i - a potion of resistance {unknown}
 j - 2 potions of haste
 l - a potion of heal wounds
 m - a potion of degeneration {unknown}

Dungeon Overview and Level Annotations

Branches:
Dungeon (4/15)
 Temple: D:4-7

Altars:
Cheibriados
Dithmenos
Gozag
Hepliaklqana

Shops:
D:2 ?:(   D:4 !!=


Message History

Enter note:
Enter note: An ogre comes into view. It is wielding a +0 giant spiked club.
Enter note:
Enter note:
Enter note:
Enter note: You shoot an arrow.
The ogre shouts!
The arrow hits the ogre.
The ogre is lightly wounded.
You shoot an arrow.
The arrow hits the ogre but does no damage.
The ogre is lightly wounded.
A hobgoblin comes into view.
An orc priest comes into view. It is wielding a +0 dagger.
You shoot an arrow. The hobgoblin shouts!
The orc priest shouts!
The arrow hits the ogre.
The ogre is lightly wounded.
You shoot an arrow. The arrow hits the ogre!
The ogre is heavily wounded.
The orc priest casts a cantrip, but nothing happens.
You shoot an arrow. The arrow barely misses the ogre.
You shoot an arrow.
The arrow hits the ogre but does no damage.
The ogre is moderately wounded.
The ogre hits you with a +0 giant spiked club!!
Ouch! That really hurt!
You shoot an arrow. The arrow hits the ogre.
The ogre is severely wounded.
You shoot an arrow.
The arrow hits the ogre but does no damage.
The ogre is severely wounded.
The ogre misses you.
You shoot an arrow.
The arrow hits the ogre but does no damage.
The ogre is severely wounded.
The ogre hits you with a +0 giant spiked club!
You die...

#.# #.#######.......##
...
..%.......#####..#####
..######### ##.....##
...# #####..## ...#
##.). ....# ##.. ..#
##..
.....################...
.....gO@................
.....o##################
..... ..|. ... ##


You could see an ogre, an orc priest and a hobgoblin.

Vanquished Creatures
  A howler monkey (D:3)
  2 orc priests (D:4)
  2 iguanas (D:4)
  2 orc wizards (D:4)
  3 adders
  An ufetubus (D:4)
  2 worms
  2 dart slugs
  7 orcs (D:4)
  5 bats
  6 endoplasms
  5 giant cockroaches
  6 goblins
  5 hobgoblins
  2 jackals (D:3)
  10 kobolds
  7 quokkas
  6 ball pythons
  6 frilled lizards
  3 rats
83 creatures vanquished.

Notes
Turn   | Place    | Note
-------+----------+-------------------------------------------
     0 | D:1      | qw the Deep Elf Hunter began the quest for the Orb.
     0 | D:1      | Reached XP level 1. HP: 12/12 MP: 3/3
     0 | D:1      | 0 ||| qw: Version: 0.3-a-9-g12657ce
     0 | D:1      | 0 ||| qw: Game counter: 4286
     0 | D:1      | 0 ||| qw: Always use a shield: true
     0 | D:1      | 0 ||| qw: God list: Okawaru
     0 | D:1      | 0 ||| qw: Allow faded altars: false
     0 | D:1      | 0 ||| qw: Do Orc after D:15 true
     0 | D:1      | 0 ||| qw: Do second Lair branch before Depths: true
     0 | D:1      | 0 ||| qw: Lair rune preference: random
     0 | D:1      | 0 ||| qw: Plans: Normal
     0 | D:1      | 0 ||| PLANNING D:1-11
   111 | D:1      | Reached skill level 6 in Ranged Weapons
   111 | D:1      | Reached XP level 2. HP: 16/16 MP: 4/4
   223 | D:1      | Found a faded altar of an unknown god.
   412 | D:1      | Reached XP level 3. HP: 20/20 MP: 5/5
   675 | D:1      | 675 ||| UPGRADING to +2 cloak.
   680 | D:1      | 680 ||| READING scroll labelled PADASCHU YPPARE.
   681 | D:1      | 681 ||| READING 2 scrolls labelled HAREGO ZIUMAET.
   682 | D:1      | 682 ||| READING scroll labelled BIENLE HOOSIARR.
   683 | D:1      | 683 ||| READING scroll labelled CIUSTO QORGHA.
   684 | D:1      | 684 ||| READING scroll labelled AHIARI QUMUCW.
   785 | D:1      | 785 ||| DROPPING scroll of butterflies.
   812 | D:2      | 812 ||| STAIRDANCE
   831 | D:2      | Reached skill level 7 in Ranged Weapons
   865 | D:2      | Found Gor Olok's Magic Scroll Shop.
   871 | D:2      | 871 ||| BUYING scroll of enchant armour (75 gold).
   871 | D:2      | Bought a scroll of enchant armour for 75 gold pieces
   871 | D:2      | 871 ||| SHOPLISTING scroll of enchant weapon (75 gold, have
                  | 3).
   871 | D:2      | 871 ||| SHOPLISTING scroll of identify (20 gold, have 3).
   927 | D:2      | Found Yplunn's Weapon Shoppe.
  1038 | D:2      | Found Eruinesa's Book Boutique.
  1206 | D:2      | 1206 ||| UPGRADING to +0 ring mail.
  1216 | D:2      | 1216 ||| DROPPING +0 leather armour.
  1217 | D:2      | 1217 ||| READING scroll of enchant armour.
  1217 | D:2      | 1217 ||| ENCHANTING +0 ring mail.
  1218 | D:2      | 1218 ||| DROPPING ring of flight.
  1219 | D:2      | 1219 ||| READING scroll labelled CEGER ZAUBB.
  1220 | D:2      | 1220 ||| READING scroll labelled IKUUDGH BOIH.
  1221 | D:2      | 1221 ||| READING scroll labelled XOMMAKHUTOE.
  1222 | D:2      | 1222 ||| DRINKING 2 sedimented cyan potions.
  1223 | D:2      | 1223 ||| READING 2 scrolls of identify.
  1223 | D:2      | 1223 ||| IDENTIFYING dark potion
  1224 | D:2      | 1224 ||| DROPPING potion of brilliance.
  1262 | D:3      | Found a shadowy altar of Dithmenos.
  1271 | D:3      | Reached XP level 4. HP: 25/25 MP: 6/6
  1306 | D:3      | Reached skill level 8 in Ranged Weapons
  1340 | D:3      | 1340 ||| READING scroll of enchant armour.
  1340 | D:3      | 1340 ||| ENCHANTING +1 ring mail.
  1519 | D:3      | Found an opulent altar of Gozag.
  1713 | D:3      | Found a snail-covered altar of Cheibriados.
  1934 | D:3      | 1934 ||| DROPPING +6 ring of intelligence.
  1935 | D:3      | 1935 ||| READING scroll labelled VINKUI COATU.
  1940 | D:3      | 1940 ||| READING 2 scrolls of identify.
  1940 | D:3      | 1940 ||| IDENTIFYING blue potion
  1965 | D:4      | Reached XP level 5. HP: 29/29 MP: 7/7
  1979 | D:4      | HP: 2/29 [orc priest/divine providence (11)]
  1980 | D:4      | 1980 ||| DRINKING potion of heal wounds.
  1983 | D:4      | Reached skill level 9 in Ranged Weapons
  2026 | D:4      | Found Sotokly's Jewellery Shop.
  2029 | D:4      | Found Owket's Distillery.
  2040 | D:4      | 2040 ||| BUYING potion of cancellation (104 gold).
  2040 | D:4      | Bought a potion of cancellation for 104 gold pieces
  2040 | D:4      | 2040 ||| SHOPLISTING potion of curing (39 gold, have 28).
  2040 | D:4      | 2040 ||| SHOPLISTING potion of enlightenment (65 gold, have
                  | 28).
  2040 | D:4      | 2040 ||| SHOPLISTING potion of haste (130 gold, have 28).
  2040 | D:4      | 2040 ||| SHOPLISTING potion of heal wounds (65 gold, have
                  | 28).
  2040 | D:4      | 2040 ||| SHOPLISTING potion of mutation (104 gold, have
                  | 28).
  2053 | D:4      | 2053 ||| SHOPLISTING amulet of Cemuugu {Spirit rC+ SInv}
                  | (626 gold, have 38).
  2053 | D:4      | 2053 ||| SHOPLISTING amulet of reflection (390 gold, have
                  | 38).
  2053 | D:4      | 2053 ||| SHOPLISTING amulet of regeneration (390 gold, have
                  | 38).
  2053 | D:4      | 2053 ||| SHOPLISTING ring of poison resistance (260 gold,
                  | have 38).
  2053 | D:4      | 2053 ||| SHOPLISTING ring of protection from fire (325
                  | gold, have 38).
  2221 | D:4      | Found a hazy altar of Hepliaklqana.
  2345 | D:4      | Found Eplui's Distillery.
  2359 | D:4      | Reached XP level 6. HP: 28/35 MP: 8/8
  2359 | D:4      | 2359 ||| FLEEEEING.
  2360 | D:4      | 2360 ||| FLEEEEING.
  2362 | D:4      | 2362 ||| FLEEEEING.
  2363 | D:4      | 2363 ||| FLEEEEING.
  2364 | D:4      | 2364 ||| FLEEEEING.
  2365 | D:4      | 2365 ||| FLEEEEING.
  2367 | D:4      | 2367 ||| FLEEEEING.
  2368 | D:4      | 2368 ||| FLEEEEING.
  2369 | D:4      | 2369 ||| FLEEEEING.
  2370 | D:4      | 2370 ||| FLEEEEING.
  2371 | D:4      | 2371 ||| FLEEEEING.
  2372 | D:4      | 2372 ||| FLEEEEING.
  2525 | D:4      | Slain by an ogre

Levels and vault maps discovered:
D:1:      minmay_arrival_doors, layout_loops_ring,
          dreamdust_ecumenical_altar_angels_and_demons, st_stairs_12
D:2:      layout_rooms, serial_shops, nicolae_shop_tiny_waterfront,
          nicolae_shop_tiny_statue_garden, nicolae_shop_waterfront
D:3:      layout_basic, grunt_gozag_breadcrumbs, old_standard_altar,
          kennysheep_slug_shrine, minmay_misc_feat_roman, st_stairs_12,
          dk_noncrumbling_3
D:4:      layout_rooms, kennysheep_mini_moat, serial_shops,
          nicolae_take_the_stairs, nicolae_wooded_promenade

Skill      XL: |  1  2  3  4  5 |
---------------+----------------+-----
Ranged Weapons | 6 7 8 9 |  9.6
Fighting       | 2 |  2.2
Dodging        | |  2.4
Stealth        | |  1.2

Action                     |  1- 3 |  4- 6 || total
---------------------------+-------+-------++-------
   Fire: Shortbow          |   115 |   134 ||   249
    Use: Scroll            |    10 |     3 ||    13
         Potion            |     1 |     1 ||     2
 Armour: Leather armour    |    11 |       ||    11
         Ring mail         |       |    15 ||    15
  Dodge: Dodged            |    34 |    21 ||    55

Table legend:
 A = Non-vault XP
 B = Vault XP
 C = Vault XP percentage of total XP
 D = Non-vault monster count
 E = Vault monster count
 F = Vault count percentage of total count
                 A         B        C        D         E       F
            +---------+---------+-------+---------+---------+-------
      Total |     461 |       8 |   1.7 |      80 |       3 |   3.6
            +---------+---------+-------+---------+---------+-------
        D:1 |      52 |       2 |   3.7 |      31 |       1 |   3.1
        D:2 |      32 |       0 |   0.0 |      11 |       0 |   0.0
        D:3 |      96 |       6 |   5.9 |      15 |       2 |  11.8
        D:4 |     281 |       0 |   0.0 |      23 |       0 |   0.0
            +---------+---------+-------+---------+---------+-------
